 Seeded DCSS version 0.29-a0-1016-g236c7fd91e (webtiles) character file.

Game seed: 13107803716518875382 (custom seed)

1047 voltaire321 the Thaumaturge (level 8, -6/48 HPs)
             Began as a Deep Elf Venom Mage on Aug 9, 2022.
             Was a Follower of Vehumet.
             Mangled by a troll (11 damage)
             ... on level 6 of the Dungeon on Aug 10, 2022.
             The game lasted 00:19:42 (4838 turns).

voltaire321 the Thaumaturge (Deep Elf Venom Mage)   Turns: 4838, Time: 00:19:43

Health: -6/48      AC:  9    Str: 13    XL:     8   Next: 5%
Magic:  15/22      EV: 15    Int: 21    God:    Vehumet [*.....]
Gold:   849        SH:  0    Dex: 15    Spells: 13/23 levels left

rFire   . . .      SeeInvis .   s - +3 dagger (drain)
rCold   . . .      Faith    .   (no shield)
rNeg    + . .      Spirit   .   l - +1 leather armour {rN+}
rPois   +          Reflect  .   e - +0 helmet
rElec   .          Harm     .   j - +0 cloak
rCorr   .          Rampage  .   i - +1 pair of gloves
Will    .....                   (no boots)
Stlth   ++........              (no amulet)
HPRegen 0.16/turn               d - ring of poison resistance
MPRegen 0.18/turn               r - +6 ring of strength

@: no status effects
A: no striking features
a: Renounce Religion


You were on level 6 of the Dungeon.
You worshipped Vehumet.
Vehumet was aware of your devotion.
You visited 2 branches of the dungeon, and saw 7 of its levels.

You collected 849 gold pieces.

Inventory:

Hand Weapons
 s - a +3 dagger of draining (weapon)
Armour
 e - a +0 helmet (worn)
 h - a +2 robe of willpower
 i - a +1 pair of gloves (worn)
 j - a +0 cloak (worn)
 l - a +1 leather armour of positive energy (worn)
Jewellery
 d - a ring of poison resistance (left hand)
 r - a +6 ring of strength (right hand)
Wands
 a - a wand of iceblast (10)
 c - a wand of flame (13)
 q - a wand of polymorph (13)
 u - a wand of mindburst (13)
Scrolls
 p - a scroll of blinking {unknown}
 t - 3 scrolls of identify
 w - a scroll of immolation {unknown}
Potions
 b - 2 potions of magic
 f - 3 potions of lignification {unknown}
 g - 2 potions of might {unknown}
 k - 2 potions of mutation {unknown}
 m - a potion of curing {unknown}
 n - 2 potions of haste
 o - 2 potions of brilliance
 v - a potion of heal wounds


   Skills:
 + Level 4.6 Fighting
 + Level 4.7 Armour
 + Level 7.5 Dodging
 - Level 2.4 Stealth
 + Level 8.3 Spellcasting
 + Level 2.1 Summonings
 - Level 2.0 Transmutations
 + Level 7.2 Poison Magic


You had 13 spell levels left.
You knew the following spells:

 Your Spells              Type           Power      Damage    Failure   Level
a - Sting                 Tmut/Pois      100%       1d8       1%          1
b - Poisonous Vapours     Pois/Air       46%        N/A       3%          2
c - Olgreb's Toxic Radia  Pois           39%        N/A       4%          4
d - Call Canine Familiar  Summ           17%        N/A       12%         3

Your spell library contained the following spells:

 Spells                   Type           Power      Damage    Failure   Level
 Freeze                   Ice            32%        1d5       10%         1
 Beastly Appendage        Tmut           34%        N/A       4%          1
 Spider Form              Tmut/Pois      28%        N/A       4%          3
 Wereblood                Tmut           17%        N/A       6%          2
 Mephitic Cloud           Conj/Pois/Air  18%        N/A       11%         3
 Sublimation of Blood     Necr           8%         N/A       14%         2
 Portal Projectile        Hex/Tloc       16%        N/A       28%         3
 Ice Form                 Ice/Tmut       12%        N/A       54%         4
 Hailstorm                Conj/Ice       8%         3d4       67%         4
 Leda's Liquefaction      Hex/Erth       4%         N/A       67%         4
 Simulacrum               Ice/Necr       4%         N/A       100%        6
 Summon Hydra             Summ           8%         N/A       100%        7


Dungeon Overview and Level Annotations

Branches:
Dungeon (6/15)             Temple (1/1) D:5

Altars:
Ashenzari
Cheibriados
Dithmenos
Elyvilon
Fedhas
Gozag
Hepliaklqana
Kikubaaqudgha
Makhleb
Nemelex Xobeh
Okawaru
Qazlal
Ru
Sif Muna
Trog
Uskayaw
Vehumet
Wu Jian
Xom
Yredelemnul
Zin

Annotations:
Temple 4 transporters


Message History

Casting: Poisonous Vapours (safe; 3% risk of failure)
Confirm with . or Enter, or press ? or * to list all spells.
You can't see any susceptible monsters within range! (Use Z to cast anyway.)
Casting: Poisonous Vapours (safe; 3% risk of failure)
Confirm with . or Enter, or press ? or * to list all spells.
Aiming: Sting (safe; 1% risk of failure)
Press: ? - help, Shift-Dir - straight line, f - troll
Aim: a troll (poisoned, 78% to hit)
The sting misses the troll.
The troll attacks as you move away! The troll closely misses you.
The troll claws you. The troll closely misses you.
Casting: Sting (safe; 1% risk of failure)
Confirm with . or Enter, or press ? or * to list all spells.
You don't know that spell.
Casting: Sting (safe; 1% risk of failure)
Confirm with . or Enter, or press ? or * to list all spells.
You begin to radiate toxic energy.
The gnoll sergeant looks even sicker.
The troll looks even sicker.
The troll bites you! The troll claws you! The troll claws you.
The troll attacks as you move away! The troll barely misses you. x2
The troll claws you.
The gnoll sergeant looks even sicker.
Your toxic aura wanes.
The troll attacks as you move away! The troll bites you. The troll claws you.
The troll barely misses you. The troll attacks as you move away!
The troll bites you but does no damage. The troll claws you.
The troll closely misses you. The troll attacks as you move away!
The troll closely misses you. The troll claws you but does no damage.
The troll misses you. The troll attacks as you move away!
The troll closely misses you. x2
The troll claws you!
* * * LOW HITPOINT WARNING * * *
The troll looks more healthy.
The troll attacks as you move away! The troll completely misses you.
The troll claws you.
* * * LOW HITPOINT WARNING * * *
The troll misses you. The troll attacks as you move away! The troll bites you.
* * * LOW HITPOINT WARNING * * *
The troll closely misses you. The troll claws you!
You die...

##......#####...#
###
#.###.##<.##...##.>#
#. #.##)..#...#...#
#. #.###))#...#..#
## #######.....#####
#..............#
#......)♣.g.(..#
+.........T....#
##.###.†..@###.#
###..#...#..# #
#...#...#...#
#>.##...##.># ###
#...# ### #####


You could see a troll and a gnoll sergeant (poisoned).

Vanquished Creatures
  Pikel (D:4)
  An ogre (D:5)
  A lemure (D:4)
  A bullfrog (D:4)
  A scorpion (D:6)
  2 hounds
  An iguana (D:4)
  4 orc wizards
  5 adders
  2 worms
  A dart slug (D:4)
  7 orcs
  5 endoplasms
  4 giant cockroaches
  7 goblins
  6 hobgoblins
  6 kobolds
  4 quokkas
  8 ball pythons
  A bat (D:3)
  5 frilled lizards
  4 rats
77 creatures vanquished.

Vanquished Creatures (others)
  A plant (D:3)
1 creature vanquished.

Grand Total: 78 creatures vanquished

Notes
Turn   | Place    | Note
-------+----------+-------------------------------------------
     0 | D:1      | voltaire321 the Deep Elf Venom Mage began the quest for the
                  | Orb.
     0 | D:1      | Reached XP level 1. HP: 10/10 MP: 6/6
   349 | D:1      | Reached XP level 2. HP: 15/15 MP: 6/8
  1087 | D:2      | Reached XP level 3. HP: 14/20 MP: 5/9
  1229 | D:2      | Learned a level 2 spell: Poisonous Vapours
  1273 | D:2      | Found a radiant altar of Vehumet.
  1306 | D:2      | Became a worshipper of Vehumet
  1568 | D:2      | Reached skill level 1 in Armour
  2286 | D:3      | Found a faded altar of an unknown god.
  2664 | D:3      | Found a sacrificial altar of Ru.
  2722 | D:3      | Reached XP level 4. HP: 23/23 MP: 8/11
  2883 | D:3      | Reached * piety under Vehumet
  2883 | D:3      | Offered knowledge of Freeze by Vehumet.
  2967 | D:3      | Reached skill level 7 in Spellcasting
  2967 | D:3      | Reached XP level 5. HP: 33/33 MP: 12/17
  3049 | D:4      | Identified a scroll of acquirement
  3049 | D:4      | Acquired 667 gold pieces
  3154 | D:4      | Learned a level 4 spell: Olgreb's Toxic Radiance
  3158 | D:4      | Learned a level 3 spell: Call Canine Familiar
  3209 | D:4      | Noticed a lemure
  3226 | D:4      | Noticed a lemure
  3250 | D:4      | Killed a lemure
  3289 | D:4      | Noticed a lemure
  3289 | D:4      | Noticed a lemure
  3313 | D:4      | Reached XP level 6. HP: 2/38 MP: 15/18
  3335 | D:4      | Noticed Pikel
  3343 | D:4      | HP: 1/38 [lemure[Pikel] (3)]
  3697 | D:4      | Killed Pikel
  3698 | D:4      | Reached skill level 8 in Spellcasting
  3698 | D:4      | Reached skill level 1 in Summonings
  3698 | D:4      | Reached XP level 7. HP: 26/44 MP: 10/20
  4013 | D:5      | Entered Level 5 of the Dungeon
  4079 | D:5      | Found a stormy altar of Qazlal.
  4111 | D:5      | Found a hazy altar of Hepliaklqana.
  4331 | D:5      | Found a staircase to the Ecumenical Temple.
  4346 | Temple   | Entered the Ecumenical Temple
  4346 | Temple   | Found a transporter.
  4346 | Temple   | Found a transporter.
  4348 | Temple   | Found a transporter.
  4348 | Temple   | Found a transporter.
  4695 | D:6      | Reached XP level 8. HP: 41/48 MP: 16/22
  4811 | D:6      | Noticed a troll
  4838 | D:6      | Mangled by a troll

Illustrated notes

Levels and vault maps discovered:
D:1:      spicycebolla_green_bress_n_ham_2, layout_loops_ring,
          kennysheep_doodads
D:2:      layout_loops_ring, basic_altar, hangedman_decor_push
D:3:      layout_basic, lemuel_round_altar, basic_ecumenical_altar,
          serial_bayou_pond_a
D:4:      layout_loops_ring, uniq_pikel
D:5:      layout_loops_ring, mainiacjoe_overflow_two_lobes,
          minmay_temple_entry_wispy
D:6:      kennysheep_spiral_hall, layout_loops_ring,
          chequers_serial_rivers_room_b, grunt_ministairs_6,
          minmay_tree_intersection, minmay_holes, corner_web_ring,
          kb_lookout_dungeons_type
Temple:   hellmonk_temple_divided_pantheon

Skill      XL: |  1  2  3  4  5  6  7 |
---------------+----------------------+-----
Dodging        | 3 6 7 |  7.5
Armour         | 1 4 |  4.7
Transmutations | 2 |  2.0
Fighting       | 4 |  4.6
Spellcasting   | 7 8 |  8.3
Poison Magic   | 6 7 |  7.2
Summonings     | 1 2 |  2.1
Stealth        | |  2.4

Action                   |  1- 3 |  4- 6 |  7- 9 || total
-------------------------+-------+-------+-------++-------
Melee: Unarmed           |     7 |       |       ||     7
       Dagger            |    61 |    20 |    21 ||   102
       Punch             |       |     1 |       ||     1
 Cast: Sting             |    64 |    29 |    12 ||   105
       Poisonous Vapours |       |     6 |     6 ||    12
       Olgreb's Toxic Ra |       |       |     3 ||     3
  Use: Scroll            |     4 |     4 |       ||     8
       Potion            |       |     3 |       ||     3
 Stab: Sleeping          |     1 |       |       ||     1
Armor: Robe              |     2 |       |       ||     2
       Leather armour    |    12 |    14 |    12 ||    38
Dodge: Dodged            |    41 |    60 |    27 ||   128

Table legend: (Time is in decaauts)
 A = Elapsed time spent in this place.
 B = Non-inter-level travel time spent in this place.
 C = Inter-level travel time spent in this place.
 D = Time resting spent in this place.
 E = Time spent auto-exploring this place.
 F = Levels seen in this place.
 G = Mean time per level.
                   A        B        C        D        E       F      G
               +--------+--------+--------+--------+--------+-----+--------+
         Total |   4835 |   4693 |    142 |    820 |   2830 |   7 |  690.7 |
       Dungeon |   4807 |   4665 |    142 |    820 |   2830 |   6 |  801.2 |
        Temple |     27 |     27 |      0 |      0 |      0 |   1 |   27.0 |
               +--------+--------+--------+--------+--------+-----+--------+

Top non-repeatable levels by time:
     D:1: 1068 daAuts
     D:3: 1010 daAuts
     D:2: 983 daAuts
     D:4: 948 daAuts
     D:5: 647 daAuts
     D:6: 149 daAuts
  Temple: 27 daAuts
